PCL
SANTA MONICA BRUINS @ SPOKANE TRAPPERS
09/13/2029
 
TOP OF THE 1ST
Santa Monica Bruins batting - Pitching for Spokane Trappers : RHP Riley Johnston
Pitching: RHP Riley Johnston
Batting: LHB Michael Myers 0-0: Called Strike
0-1: Ball
1-1: Foul Ball, location: 2F
1-2: Strikes out looking
Batting: RHB John Nelson 0-0: Called Strike
0-1: Foul Ball, location: 2F
0-2: Foul Ball, location: 2F
0-2: SINGLE (Line Drive, 9S)
Batting: RHB Matt O'Rourke 0-0: Called Strike
0-1: Grounds into double play, 4-6-3 (Groundball, 4)
Top of the 1st over - 0 runs, 1 hit, 0 errors, 0 left on base; Santa Monica 0 - Spokane 0
BOTTOM OF THE 1ST
Spokane Trappers batting - Pitching for Santa Monica Bruins : LHP Rafael Alemán
Pitching: LHP Rafael Alemán
Batting: RHB Enrique Mendoza 0-0: Called Strike
0-1: Swinging Strike
0-2: Fly out, F7 (Flyball, 78S)
Batting: RHB Carlos García 0-0: Ground out 6-3 (Groundball, 6)
Batting: LHB Stanley Mullins 0-0: Ball
1-0: Foul Ball, location: 2F
1-1: Ball
2-1: Called Strike
2-2: Ball
3-2: Base on Balls
Batting: RHB Roberto Cruz 0-0: Ball
1-0: Foul Ball, location: 2F
1-1: Swinging Strike
1-2: Foul Ball, location: 2F
1-2: Foul Ball, location: 2F
1-2: Ball
2-2: Foul Ball, location: 2F
2-2: Ball
3-2: Base on Balls
Stanley Mullins to second
Batting: RHB Alberto Velásquez 0-0: Ball
1-0: Ball
2-0: Ball
3-0: Called Strike
3-1: Base on Balls
Stanley Mullins to third
Roberto Cruz to second
Batting: RHB Danny Crouch 0-0: Ball
1-0: Called Strike
1-1: Ball
2-1: Ball
3-1: Base on Balls
Stanley Mullins scores
Roberto Cruz to third
Alberto Velásquez to second
Batting: LHB Willie Wallace 0-0: Foul Ball, location: 2F
0-1: Foul Ball, location: 2F
0-2: GRAND SLAM HOME RUN (Flyball, 89XD), Distance : 387 ft
Batting: LHB Tommy Evans 0-0: Swinging Strike
0-1: Ball
1-1: Ball
2-1: Fly out, F4 (Line Drive, 4)
Bottom of the 1st over - 5 runs, 1 hit, 0 errors, 0 left on base; Santa Monica 0 - Spokane 5
TOP OF THE 2ND
Santa Monica Bruins batting - Pitching for Spokane Trappers : RHP Riley Johnston
Batting: RHB Luis Martínez 0-0: Called Strike
0-1: Called Strike
0-2: Ball
1-2: Strikes out swinging
Batting: RHB Manny Copriviza 0-0: Swinging Strike
0-1: Foul Ball, location: 2F
0-2: Strikes out swinging
Batting: LHB Arthur MacDonald 0-0: Ball
1-0: Ball
2-0: Ball
3-0: Base on Balls
Batting: RHB Pablo Peña 0-0: Foul Ball, location: 2F
0-1: Ball
1-1: Ball
Arthur MacDonald is caught stealing 2nd base
Top of the 2nd over - 0 runs, 0 hits, 0 errors, 0 left on base; Santa Monica 0 - Spokane 5
BOTTOM OF THE 2ND
Spokane Trappers batting - Pitching for Santa Monica Bruins : LHP Rafael Alemán
Batting: RHB Trent Rasmussen 0-0: Ball
1-0: Swinging Strike
1-1: Fly out, F9 (Flyball, 89S)
Batting: RHB Enrique Mendoza 0-0: Foul Ball, location: 2F
0-1: SOLO HOME RUN (Flyball, 9D), Distance : 377 ft
Batting: RHB Carlos García 0-0: Called Strike
0-1: Fly out, F8 (Flyball, 89D)
Batting: LHB Stanley Mullins 0-0: Ball
1-0: Ball
2-0: Called Strike
2-1: Called Strike
2-2: SINGLE (Line Drive, 5L)
Batting: RHB Roberto Cruz 0-0: Called Strike
0-1: SINGLE (Line Drive, 6MD)
Stanley Mullins to second
Runner from 2nd tries for 3rd, SAFE, no throw
Batting: RHB Alberto Velásquez 0-0: Ball
1-0: Ball
2-0: Called Strike
2-1: Foul Ball, location: 2F
2-2: Ball
3-2: Foul Ball, location: 2F
3-2: Foul Ball, location: 2F
3-2: SINGLE (Line Drive, 89S)
Stanley Mullins scores
Roberto Cruz to second
Roberto Cruz to third
Batting: RHB Danny Crouch 0-0: SINGLE (Line Drive, 7S)
Roberto Cruz scores
Alberto Velásquez to second
Batting: LHB Willie Wallace 0-0: Called Strike
0-1: Ball
1-1: Called Strike
1-2: Strikes out looking
Bottom of the 2nd over - 3 runs, 5 hits, 0 errors, 2 left on base; Santa Monica 0 - Spokane 8
TOP OF THE 3RD
Santa Monica Bruins batting - Pitching for Spokane Trappers : RHP Riley Johnston
Batting: RHB Pablo Peña 0-0: Called Strike
0-1: Called Strike
0-2: Ball
1-2: Foul Ball, location: 2F
1-2: Ball
2-2: Foul Ball, location: 2F
2-2: SINGLE (Flyball, 78M)
Batting: RHB Mario Rosales 0-0: Called Strike
0-1: Foul Ball, location: 2F
0-2: Ball
1-2: Fly out, F3 (Popup, 3SF)
Batting: RHB Gustavo Torres 0-0: Called Strike
0-1: 2-RUN HOME RUN (Flyball, 7LD), Distance : 352 ft
Batting: LHB Michael Myers 0-0: Ball
1-0: Ball
2-0: Foul Ball, location: 2F
2-1: Foul Ball, location: 2F
2-2: Ball
3-2: Foul Ball, location: 2F
3-2: Base on Balls
Batting: RHB John Nelson 0-0: Ball
Michael Myers steals 2nd base
1-0: Swinging Strike
1-1: Ball
2-1: Foul Ball, location: 2F
2-2: SINGLE (Groundball, 6MD)
Michael Myers to third
Runner from 3rd tries for Home, SAFE, no throw
Batting: RHB Matt O'Rourke 0-0: Ball
1-0: Grounds into double play, 6-4-3 (Groundball, 56)
Top of the 3rd over - 3 runs, 3 hits, 0 errors, 0 left on base; Santa Monica 3 - Spokane 8
BOTTOM OF THE 3RD
Spokane Trappers batting - Pitching for Santa Monica Bruins : LHP Rafael Alemán
Batting: LHB Tommy Evans 0-0: Ball
1-0: Ground out 5-3 (Groundball, 5L)
Batting: RHB Trent Rasmussen 0-0: Ball
1-0: Ball
2-0: Foul Ball, location: 2F
2-1: Ball
3-1: Called Strike
3-2: SINGLE (Flyball, 56D)
Pitching: RHP Manuel López
Batting: RHB Enrique Mendoza 0-0: Called Strike
0-1: Foul Ball, location: 2F
0-2: Fly out, F8 (Flyball, 8LS)
Batting: RHB Carlos García 0-0: Foul Ball, location: 2F
0-1: Foul Ball, location: 2F
0-2: Ball
1-2: Foul Ball, location: 2F
1-2: Foul Ball, location: 2F
1-2: Ground out 5-3 (Groundball, 56S)
Bottom of the 3rd over - 0 runs, 1 hit, 0 errors, 1 left on base; Santa Monica 3 - Spokane 8
TOP OF THE 4TH
Santa Monica Bruins batting - Pitching for Spokane Trappers : RHP Riley Johnston
Batting: RHB Luis Martínez 0-0: Ball
1-0: Foul Ball, location: 2F
1-1: Foul Ball, location: 2F
1-2: Foul Ball, location: 2F
1-2: Ball
2-2: Ball
3-2: DOUBLE (Flyball, 89XD)
Batting: RHB Manny Copriviza 0-0: Called Strike
0-1: Swinging Strike
0-2: Ball
1-2: Foul Ball, location: 2F
1-2: Foul Ball, location: 2F
1-2: Foul Ball, location: 2F
1-2: Strikes out swinging
Batting: LHB Arthur MacDonald 0-0: Called Strike
0-1: Ball
1-1: Foul Ball, location: 2F
1-2: Ground out 3-1 (Groundball, 34)
Luis Martínez to third
Batting: RHB Pablo Peña 0-0: Called Strike
0-1: Swinging Strike
0-2: Strikes out looking
Top of the 4th over - 0 runs, 1 hit, 0 errors, 1 left on base; Santa Monica 3 - Spokane 8
BOTTOM OF THE 4TH
Spokane Trappers batting - Pitching for Santa Monica Bruins : RHP Manuel López
Batting: LHB Stanley Mullins 0-0: Ball
1-0: Ball
2-0: SINGLE (Groundball, 34) (infield hit)
Batting: RHB Roberto Cruz 0-0: Called Strike
0-1: Foul Ball, location: 2F
0-2: Foul Ball, location: 2F
0-2: Ball
1-2: Strikes out swinging
Batting: RHB Alberto Velásquez 0-0: Foul Ball, location: 2F
0-1: Ball
1-1: Grounds into double play, 5-4-3 (Groundball, 56)
Bottom of the 4th over - 0 runs, 1 hit, 0 errors, 0 left on base; Santa Monica 3 - Spokane 8
TOP OF THE 5TH
Santa Monica Bruins batting - Pitching for Spokane Trappers : RHP Riley Johnston
Batting: RHB Mario Rosales 0-0: Called Strike
0-1: SINGLE (Line Drive, 56D)
Batting: RHB Gustavo Torres 0-0: Ball
1-0: Grounds out, U3 (Groundball, 3L)
Batting: LHB Michael Myers 0-0: SINGLE (Flyball, 78S)
Mario Rosales to third
Batting: RHB John Nelson 0-0: Ball
1-0: SINGLE (Groundball, 56) (infield hit)
Mario Rosales scores
Michael Myers to second
Batting: RHB Matt O'Rourke 0-0: Ball
Michael Myers steals 3rd base
John Nelson to second
1-0: Called Strike
1-1: Ball
2-1: Ground out 5-3 (Groundball, 56)
Michael Myers scores
Batting: RHB Luis Martínez 0-0: Foul Ball, location: 2F
0-1: Ball
1-1: Ball
2-1: Swinging Strike
2-2: Strikes out swinging
Top of the 5th over - 2 runs, 3 hits, 0 errors, 1 left on base; Santa Monica 5 - Spokane 8
BOTTOM OF THE 5TH
Spokane Trappers batting - Pitching for Santa Monica Bruins : RHP Manuel López
Pitching: RHP Rick Hernández
Batting: RHB Danny Crouch 0-0: Ball
1-0: Foul Ball, location: 2F
1-1: Ground out 4-3 (Groundball, 4M)
Batting: LHB Willie Wallace 0-0: SOLO HOME RUN (Flyball, 9D), Distance : 420 ft
Batting: LHB Tommy Evans 0-0: Ball
1-0: Swinging Strike
1-1: Called Strike
1-2: Foul Ball, location: 2F
1-2: Strikes out swinging
Batting: RHB Trent Rasmussen 0-0: Foul Ball, location: 2F
0-1: Foul Ball, location: 2F
0-2: Ball
1-2: Foul Ball, location: 2F
1-2: Strikes out swinging
Bottom of the 5th over - 1 run, 1 hit, 0 errors, 0 left on base; Santa Monica 5 - Spokane 9
TOP OF THE 6TH
Santa Monica Bruins batting - Pitching for Spokane Trappers : RHP Riley Johnston
Batting: RHB Manny Copriviza 0-0: Ball
1-0: Foul Ball, location: 2F
1-1: Foul Ball, location: 2F
1-2: Foul Ball, location: 2F
1-2: Ball
2-2: Ball
3-2: Strikes out swinging
Batting: LHB Arthur MacDonald 0-0: Ball
1-0: SINGLE (Flyball, 89S)
Batting: RHB Pablo Peña 0-0: Called Strike
0-1: Swinging Strike
0-2: Fly out, F8 (Flyball, 8LD)
Batting: RHB Mario Rosales 0-0: Fielders Choice at 2nd, 6-4 (Groundball, 6)
Top of the 6th over - 0 runs, 1 hit, 0 errors, 1 left on base; Santa Monica 5 - Spokane 9
BOTTOM OF THE 6TH
Spokane Trappers batting - Pitching for Santa Monica Bruins : RHP Rick Hernández
Batting: RHB Enrique Mendoza 0-0: Ball
1-0: Foul Ball, location: 2F
1-1: Ball
2-1: Swinging Strike
2-2: Ground out 4-3 (Groundball, 4)
Batting: RHB Carlos García 0-0: Ball
1-0: SOLO HOME RUN (Flyball, 7D), Distance : 378 ft
Batting: LHB Stanley Mullins 0-0: Ball
1-0: Ball
2-0: SINGLE (Line Drive, 78S)
Batting: RHB Roberto Cruz 0-0: Called Strike
0-1: Ball
1-1: Called Strike
1-2: Foul Ball, location: 2F
1-2: Ball
2-2: Foul Ball, location: 2F
2-2: Ball
3-2: Base on Balls
Stanley Mullins to second
Pitching: RHP Chuk-yan Zhuan
Batting: RHB Alberto Velásquez 0-0: Called Strike
0-1: Ball
1-1: Ball
2-1: Ball
3-1: Ground out 4-3 (Groundball, 4M)
Stanley Mullins to third
Roberto Cruz to second
Pitching: RHP Armand Calazzo
Batting: RHB Danny Crouch 0-0: Called Strike
0-1: Foul Ball, location: 2F
0-2: Strikes out swinging
Bottom of the 6th over - 1 run, 2 hits, 0 errors, 2 left on base; Santa Monica 5 - Spokane 10
TOP OF THE 7TH
Santa Monica Bruins batting - Pitching for Spokane Trappers : RHP Riley Johnston
Pitching: RHP Ching-wei Zi
Batting: RHB Gustavo Torres 0-0: Ground out 6-3 (Groundball, 6)
Batting: LHB Michael Myers 0-0: Foul Ball, location: 2F
0-1: Ball
1-1: Ball
2-1: Swinging Strike
2-2: Strikes out swinging
Batting: RHB John Nelson 0-0: Swinging Strike
0-1: Ball
1-1: Swinging Strike
1-2: Foul Ball, location: 2F
1-2: Strikes out swinging
Top of the 7th over - 0 runs, 0 hits, 0 errors, 0 left on base; Santa Monica 5 - Spokane 10
BOTTOM OF THE 7TH
Spokane Trappers batting - Pitching for Santa Monica Bruins : RHP Armand Calazzo
Batting: LHB Willie Wallace 0-0: Ball
1-0: Ball
2-0: Called Strike
2-1: Ball
3-1: Base on Balls
Batting: LHB Tommy Evans 0-0: Ball
1-0: Swinging Strike
1-1: Ball
2-1: Ball
3-1: Foul Ball, location: 2F
3-2: Base on Balls
Willie Wallace to second
Batting: RHB Trent Rasmussen 0-0: Called Strike
0-1: Ball
1-1: Foul Ball, location: 2F
1-2: Foul Ball, location: 2F
1-2: Ball
2-2: Strikes out swinging
Batting: RHB Enrique Mendoza 0-0: Called Strike
0-1: Called Strike
0-2: Strikes out looking
Batting: RHB Carlos García 0-0: Fly out, F5 (Popup, 25F)
Bottom of the 7th over - 0 runs, 0 hits, 0 errors, 2 left on base; Santa Monica 5 - Spokane 10
TOP OF THE 8TH
Santa Monica Bruins batting - Pitching for Spokane Trappers : RHP Raúl Salsa
Pitching: RHP Raúl Salsa
Now at C: António Martínez
Batting: RHB Matt O'Rourke 0-0: Swinging Strike
0-1: Ball
1-1: Ground out 6-3 (Groundball, 6)
Batting: RHB Luis Martínez 0-0: Called Strike
0-1: Ball
1-1: Foul Ball, location: 2F
1-2: Ball
2-2: Foul Ball, location: 2F
2-2: Ball
3-2: Base on Balls
Batting: RHB Manny Copriviza 0-0: Ball
1-0: Ball
2-0: Ball
3-0: Called Strike
3-1: Base on Balls
Luis Martínez to second
Batting: LHB Arthur MacDonald 0-0: Ball
1-0: Ball
2-0: Called Strike
2-1: Foul Ball, location: 2F
2-2: Ball
3-2: Foul Ball, location: 2F
3-2: SINGLE (Groundball, 4MD)
Luis Martínez to third
Manny Copriviza to second
Runner from 3rd tries for Home, SAFE, throw made home
Batting: RHB Pablo Peña 0-0: Ball
1-0: Foul Ball, location: 2F
1-1: Foul Ball, location: 2F
1-2: Foul Ball, location: 2F
1-2: Foul Ball, location: 2F
1-2: Fly out, F8 (Flyball, 8LD)
Batting: RHB Mario Rosales 0-0: Ball
1-0: Called Strike
1-1: SINGLE (Groundball, 6D)
Manny Copriviza to third
Arthur MacDonald to second
Runner from 3rd tries for Home, SAFE, no throw
Pitching: LHP Halewijn Tipping
Batting: RHB Gustavo Torres 0-0: Ball
1-0: Ball
2-0: Ball
3-0: Base on Balls
Arthur MacDonald to third
Mario Rosales to second
Pinch Hitting: LHB Ken Phillips 0-0: SINGLE (Flyball, 78S)
Arthur MacDonald scores
Mario Rosales to third
Gustavo Torres to second
Runner from 3rd tries for Home, SAFE, throw made home
Batting: RHB John Nelson 0-0: Foul Ball, location: 2F
0-1: Ball
1-1: Ball
2-1: SINGLE (Groundball, 56D)
Gustavo Torres to third
Ken Phillips to second
Runner from 3rd tries for Home, SAFE, no throw
Pinch Runner at 2nd Gonzalo Benítez:
Pinch Hitting: RHB Marty Hendrickson 0-0: Called Strike
0-1: Ball
1-1: Foul Ball, location: 2F
1-2: Ball
2-2: Strikes out swinging
Top of the 8th over - 5 runs, 4 hits, 0 errors, 2 left on base; Santa Monica 10 - Spokane 10
BOTTOM OF THE 8TH
Spokane Trappers batting - Pitching for Santa Monica Bruins : RHP Armand Calazzo
Now at SS: Armando Colón
Now in LF: Gonzalo Benítez
Batting: LHB Stanley Mullins 0-0: Ball
1-0: Ball
2-0: Called Strike
2-1: Reached on error, E7 (Flyball, 7)
Pinch Hitting: SHB Mark Wells 0-0: Ball
1-0: Fly out, F7 (Flyball, 7LD)
Pinch Hitting: LHB Lorenzo Flores 0-0: Ball
1-0: Foul Ball, location: 2F
1-1: Ball
2-1: Fly out, F8 (Flyball, 89S)
Pinch Hitting: SHB Chris Bennis 0-0: Foul Ball, location: 2F
0-1: Foul Ball, location: 2F
0-2: Ball
1-2: Ball
2-2: Ball
3-2: Strikes out looking
Bottom of the 8th over - 0 runs, 0 hits, 1 error, 1 left on base; Santa Monica 10 - Spokane 10
TOP OF THE 9TH
Santa Monica Bruins batting - Pitching for Spokane Trappers : LHP Halewijn Tipping
Pitching: RHP José Ruíz
Now at 2B: John Craig
Now at 3B: Enrico Rodríguez
Now in RF: Mark Wells
Batting: RHB Luis Martínez 0-0: Foul Ball, location: 2F
0-1: Reached on error, E6 (Groundball, 6)
Pinch Runner at 1st Javier González:
Batting: RHB Manny Copriviza 0-0: Swinging Strike
0-1: Ball
1-1: Ball
2-1: Ball
3-1: Foul Ball, location: 2F
3-2: SINGLE (Groundball, 34D)
Javier González to second
Runner from 2nd tries for 3rd, SAFE, no throw
Batting: LHB Arthur MacDonald 0-0: Called Strike
0-1: Ball
1-1: Ball
2-1: Ball
3-1: SINGLE (Groundball, 4MD)
Javier González scores
Manny Copriviza to second
Pinch Runner at 2nd Ethan Shaw:
Batting: RHB Pablo Peña 0-0: Sac Bunt - play at first, batter OUT! 1-4
Ethan Shaw to third
Arthur MacDonald to second
Pinch Hitting: LHB Kent MacDulothe 0-0: Intentional Walk
Batting: RHB Gustavo Torres 0-0: Ball
1-0: Swinging Strike
1-1: Swinging Strike
1-2: Ball
2-2: Ball
3-2: Strikes out swinging
Batting: LHB Gonzalo Benítez 0-0: Called Strike
0-1: Ball
1-1: Called Strike
1-2: Strikes out swinging
Top of the 9th over - 1 run, 2 hits, 1 error, 3 left on base; Santa Monica 11 - Spokane 10
BOTTOM OF THE 9TH
Spokane Trappers batting - Pitching for Santa Monica Bruins : RHP Armand Calazzo
Pitching: RHP Jorge Hernández
Now at 1B: Fred Ameris
Now in CF: Javier González
Batting: LHB Willie Wallace 0-0: Ball
1-0: Called Strike
1-1: Ball
2-1: Ball
3-1: Base on Balls
Batting: LHB Tommy Evans 0-0: Ball
1-0: Bunt missed!
1-1: Bunted foul
1-2: Ball
2-2: Fly out, F7 (Flyball, 7D)
Batting: RHB António Martínez 0-0: Ball
1-0: Swinging Strike
1-1: Swinging Strike
1-2: Foul Ball, location: 2F
1-2: Strikes out swinging
Batting: RHB Enrique Mendoza 0-0: Swinging Strike
0-1: Ball
1-1: Called Strike
1-2: SINGLE (Line Drive, 89D)
Willie Wallace to second
Runner from 2nd tries for 3rd, SAFE, no throw
Batting: RHB Carlos García 0-0: TRIPLE (Line Drive, 9D)
Willie Wallace scores
Enrique Mendoza scores
Saturday, December 16th, 2017 - OOTP Baseball 18.8 Build 76